Unix NetHack Version 5.0.0-0 post-release - last build Jul 19 2026 19:10:59 (3aa4ab31751d3886436d94b585a96704892fd477,branch:main).

Game began 2026-07-21 05:53:04, ended 2026-07-21 12:04:57.

Booker, lawful male human Knight

                                         ----------
  -----------                            |........|         ----------
  |.........|            ------------   #.........|#########.........|
  |.........|            |..........|   #|........|#        |........|
  |..[......-###         |..........|   #|........|#        .........|
  |=.@......|  #         |...........####-------.--#        ----.-----
  ---------.-  #         ----------|-           ####            #
           #   #####          ######            #               #
           #       ##       ###                                 #
          ##        #     ###                                   #
     ######         #  ---|-                                    #
    ##              #  |...|              --- ---------         ##
  ###               #  |..)|              |...........|    ------.-----
 -.--------------   ###....|              ...........<.#   |..........|
 |...>...........      |...|              |...........|####...........|
 |..............|      -----              -------------    |..........|
 |...............                                          |..........|
 ----------------                                          ------------

Booker the Sergeant      St:17 Dx:14 Co:16 In:8 Wi:15 Ch:18  Lawful S:34751
Dlvl:1  $:0  HP:0(98) Pw:124(124) AC:0  Xp:13/44116 T:10035  Blind

Latest messages:
 You kill the Green-elf!
 You hit the orc-captain!
 The raven misses!
 The raven blinds you!
 It misses!
 You hit it.
 It misses!
 It hits!
 It hits again!
 It bites!
 You kill it!
 It bites!
 It misses!
 It misses!
 It hits!
 You attack thin air.
 It hits!
 It misses!
 You hit it.
 You kill it!
 You destroy it!
 You try to feel what is lying here on the floor.
 You have much trouble lifting a dwarf lord corpse.  Continue? [ynq] (q)
 You have much trouble lifting i - a dwarf lord corpse.
 You stagger under your heavy load.  Movement is very hard.
 It bites!
 It misses!
 It misses!
 It misses!
 It bites!
 #
 What do you want to sacrifice? [i or ?*]
 Your sacrifice disappears!
 You sense a conflict between Lugh and Brigit.
 You feel the power of Lugh increase.
 The voice of Brigit booms:
 "Thou shalt pay for thine indiscretion!"
 Your movements are now unencumbered.
 It misses!
 It misses!
 You hit it.
 It hits!
 It bites!
 What do you want to zap? [yCILOQT or ?*]
 It bites!
 What do you want to zap? [yCILOQT or ?*]
 In what direction?
 A mysterious force prevents you from teleporting!
 It hits!
 You die...

Inventory:
 Amulets  ('"')
  H - an uncursed amulet versus poison (being worn)
 Weapons  (')')
  a - the blessed rustproof +5 Excalibur (weapon in right hand)
 Armor    ('[')
  k - an uncursed greased +0 helm of brilliance (being worn)
  f - an uncursed rotted +0 pair of leather gloves (being worn)
  R - an uncursed +0 pair of speed boots (being worn)
  e - an uncursed +0 small shield (being worn)
  Z - a blessed +1 cloak of displacement (being worn)
  u - a blessed +0 elven mithril-coat (being worn)
 Comestibles  ('%')
  d - an uncursed mango
  B - an uncursed banana
  b - an uncursed clove of garlic
  r - 8 uncursed food rations
  U - an uncursed K-ration
 Scrolls  ('?')
  z - 2 uncursed scrolls of earth
  V - an uncursed scroll of gold detection
  h - an uncursed scroll of light
 Potions  ('!')
  c - an uncursed potion of gain level
  K - 2 uncursed potions of invisibility
  J - an uncursed potion of sleeping
 Rings    ('=')
  E - an uncursed ring of levitation
  X - an uncursed ring of polymorph control (on left hand)
  n - an uncursed ring of searching
  t - an uncursed ring of slow digestion (on right hand)
 Wands    ('/')
  Q - an uncursed wand of create monster (0:7)
  y - an uncursed wand of enlightenment (0:11)
  O - an uncursed wand of light (0:14)
  I - an uncursed wand of magic missile (0:5)
  L - an uncursed wand of stasis (0:1)
  C - an uncursed wand of striking (0:5)
  T - an uncursed wand of teleportation (0:4)
 Tools    ('(')
  s - a blessed bag of holding containing 31 items
  Y - an uncursed lock pick
  P - an uncursed towel
 Gems/Stones  ('*')
  N - a blessed luckstone

Contents of the bag of holding:
  4083 gold pieces
  an uncursed scroll of amnesia
  3 uncursed scrolls of blank paper
  an uncursed scroll of charging
  an uncursed scroll of confuse monster
  a cursed scroll of confuse monster
  a blessed scroll of create monster
  an uncursed scroll of genocide
  a cursed scroll of identify
  a blessed scroll of light
  an uncursed scroll of light
  an uncursed scroll of remove curse
  2 cursed scrolls of remove curse
  2 uncursed scrolls of teleportation
  an uncursed potion of acid
  a blessed potion of blindness
  4 uncursed potions of confusion
  4 uncursed potions of extra healing
  a cursed potion of full healing
  an uncursed potion of gain ability
  an uncursed potion of gain energy
  3 uncursed potions of healing
  2 cursed potions of healing
  an uncursed potion of object detection
  an uncursed potion of oil
  a cursed potion of sleeping
  4 potions of holy water
  2 uncursed potions of water
  an uncursed wand of fire (0:4)
  a blessed magic lamp
  a cursed magic lamp

Booker the Knight's attributes:

Background:
 You were a Sergeant, a level 13 male human Knight.
 You were lawful, on a mission for Lugh
 who was opposed by Brigit (neutral) and Manannan Mac Lir (chaotic).
 You were right-handed.
 You were in the Dungeons of Doom, on level 1.
 You entered the dungeon 10035 turns ago.
 You had 44116 experience points, 35884 more were needed to attain level 14.
 Your score was 34751 before end-of-game adjustments.

Basics:
 You had 0 out of 98 hit points.
 You had all 124 energy points (spell power).
 Your armor class was 0.
 Your wallet was empty, but
 you had 4083 zorkmids stashed away in your pack.
 Autopickup was on for '$%?!"=/' plus thrown, with exceptions.

Final Characteristics:
 Your strength was 17 (limit:18/100).
 Your dexterity was 14 (limit:18).
 Your constitution was 16 (limit:18).
 Your intelligence was 8 (limit:18).
 Your wisdom was 15 (limit:18).
 Your charisma was 18 (limit:18).

Final Status:
 You were temporarily blind.
 You weren't hungry.
 You were unencumbered.
 You were wielding a long sword.
 You had expert skill with long sword.

Final Attributes:
 You were piously aligned.
 You were cold resistant.
 You were poison resistant.
 You were level-drain resistant.
 You had automatic searching.
 You were displaced.
 You could jump.
 You had slower digestion.
 You were guarded.
 Your spell casting was impaired by metallic armor.
 You had polymorph control.
 You were very fast.
 You were lucky.
 You had extra luck.
 Good luck did not time out for you.
 You are dead.

Miscellaneous:
 You disabled loading and storing of bones levels.
 Total elapsed playing time was 2 hours, 55 minutes and 5 seconds.

Major events:
 Turn
    1: Booker the lawful male human Knight entered the dungeon
  865: attained the rank of Esquire (level 3)
 1087: entered the Gnomish Mines
 1943: attained the rank of Bachelor (level 6)
 2473: was given Excalibur by the Lady of the Lake
 3857: reached Mine Town
 6217: acquired the Mines' End luckstone
 7524: entered Sokoban
 7777: completed 1st Sokoban level
 8034: completed 2nd Sokoban level
 8274: completed 3rd Sokoban level
 9232: completed 4th Sokoban level
 9354: acquired the Sokoban bag of holding
10035: killed by an earth elemental of Brigit

Spells:
 Name                 Level Category     Fail Retention
 cure sickness          3   healing      100%   51%-75%
 light                  1   divination    97%   51%-75%

Skills:
 Fighting Skills
   bare handed combat [Unskilled]
   two weapon combat  [Unskilled]
   riding             [Basic]
 Weapon Skills
   dagger             [Unskilled]
   knife              [Unskilled]
   axe                [Unskilled]
   pick-axe           [Unskilled]
   short sword        [Unskilled]
   broadsword         [Unskilled]
   long sword         [Expert]
   two-handed sword   [Unskilled]
   saber              [Unskilled]
   club               [Unskilled]
   mace               [Unskilled]
   morning star       [Unskilled]
   flail              [Unskilled]
   hammer             [Unskilled]
   polearms           [Unskilled]
   spear              [Unskilled]
   trident            [Unskilled]
   lance              [Basic]
   bow                [Unskilled]
   crossbow           [Unskilled]
 Spellcasting Skills
   attack spells      [Unskilled]
   healing spells     [Unskilled]
   clerical spells    [Unskilled]

Voluntary challenges:
 Character rerolling was not enabled.
 You never genocided any monsters.
 You never polymorphed an object.
 You never changed form.
 You used no wishes.
 You did not violate any of the special Sokoban rules.
Achievements:
 You entered a shop.
 You attained the rank of Esquire.
 You entered the Gnomish Mines.
 You attained the rank of Bachelor.
 You entered Minetown.
 You entered a temple.
 You completed the Gnomish Mines.
 You entered Sokoban.
 You completed Sokoban.

 The Dungeons of Doom: levels 1 to 7
    Level 1: <- You were here.
       An altar to Lugh.
       Final resting place for
          you, killed by an earth elemental of Brigit.
    Level 2:
       An armor shop.
    Level 3:
       A potion shop.
       Stairs down to The Gnomish Mines.
    Level 4:
       A general store.
    Level 5:
       A fountain.
       Oracle of Delphi.
    Level 6:
       A general store.
       Stairs up to Sokoban, level 5.
    Level 7:
 The Gnomish Mines: levels 4 to 12
    Level 4:
    Level 5:
    Level 6:
    Level 7:
       Many shops, a temple and an altar to Lugh, some fountains.
    Level 8:
    Level 9:
    Level 10:
    Level 11:
    Level 12:
 Sokoban: levels 5 up to 2
    Level 2:
       Solved.
    Level 3:
       Solved.
    Level 4:
       Solved.
    Level 5:
       Solved.


Vanquished creatures:
  2 giant mimics
  a long worm
  a zruty
  a flesh golem
  a doppelganger
 an earth elemental
  a water elemental
  a xorn
  2 elf-nobles
  3 small mimics
  2 warhorses
 an ogre leader
  a large dog
  a freezing sphere
  a flaming sphere
  a shocking sphere
  2 ochre jellies
  a leocrotta
 an energy vortex
  a wraith
  a Grey-elf
  a soldier
 an amorous demon
  a chameleon
  a crocodile
  a giant beetle
  a cockatrice
  4 wolves
  2 lynxes
  a panther
  3 gremlins
  a leprechaun
 an orc-captain
  a mumak
  2 giant spiders
  2 scorpions
 an ice vortex
  a black light
  a forest centaur
  a gnome ruler
 an ogre
  2 brown puddings
  a gold golem
  a Green-elf
  5 chickatrices
  2 housecats
  2 dwarf leaders
  a blue jelly
  a snake
 an ape
  2 quasits
 10 Uruk-hai
 an orc shaman
  a pony
  2 fog clouds
  4 yellow lights
  2 shriekers
 21 gnome leaders
  7 gnomish wizards
  2 red naga hatchlings
  2 gray oozes
  a barrow wight
  3 elf zombies
  a ghoul
  a straw golem
  a paper golem
  7 giant ants
  2 little dogs
  3 floating eyes
  6 dwarves
  3 homunculi
  a kobold shaman
  9 hill orcs
  3 rothes
  2 centipedes
  a giant bat
  2 dwarf zombies
  a werejackal
  5 iguanas
  3 killer bees
 an acid blob
  2 coyotes
  3 hobbits
  2 large kobolds
  6 giant rats
  a yellow mold
  a green mold
 69 gnomes
  a garter snake
  2 geckos
  3 jackals
  3 foxes
  2 kobolds
  a goblin
  a sewer rat
 14 grid bugs
  2 bats
  5 lichens
  2 kobold zombies
  7 newts
308 creatures vanquished.

No species were genocided or became extinct.

Game over:
                       ----------
                      /          \
                     /    REST    \
                    /      IN      \
                   /     PEACE      \
                  /                  \
                  |      Booker      |
                  |     4083 Au      |
                  |   killed by an   |
                  | earth elemental  |
                  |    of Brigit     |
                  |                  |
                  |       2026       |
                 *|     *  *  *      | *
        _________)/\\_//(\/(/\)/\//\/|_)_______

Fare thee well Booker the Knight...

You died in The Dungeons of Doom on dungeon level 1 with 34343 points,
and 4083 pieces of gold, after 10035 moves.
You were level 13 with a maximum of 98 hit points when you died.

